 Dungeon Crawl Stone Soup version 0.29.1-2-gbd0b4ee654 (webtiles) character file.

Game seed: 7890061029817638506

549 fleeber the Magician (level 7, -7/36 HPs)
             Began as a Deep Elf Conjurer on Nov 6, 2022.
             Mangled by Duvessa
             ... wielding a +0 short sword
              (16 damage)
             ... on level 5 of the Dungeon.
             The game lasted 00:14:16 (4482 turns).

fleeber the Magician (Deep Elf Conjurer)            Turns: 4482, Time: 00:14:17

Health: -7/36      AC:  3    Str:  4    XL:     7   Next: 7%
Magic:  23/28      EV: 12    Int: 25    God:
Gold:   327        SH:  0    Dex: 13    Spells: 12/19 levels left

rFire   . . .      SeeInvis .   y - staff of conjuration
rCold   . . .      Faith    .   (no shield)
rNeg    . . .      Spirit   .   z - +0 robe {Will+}
rPois   .          Reflect  .   (no helmet)
rElec   .          Harm     .   (no cloak)
rCorr   .          Rampage  .   (no gloves)
Will    ++...                   A - +0 pair of boots
Stlth   ++........              (no amulet)
HPRegen 0.12/turn               w - ring of willpower
MPRegen 0.21/turn               p - ring of magical power

@: about to teleport
A: no striking features
a: no special abilities


You were on level 5 of the Dungeon.
You visited 1 branch of the dungeon, and saw 5 of its levels.

You collected 327 gold pieces.

Inventory:

Hand Weapons
 r - the +4 mace of Feden {spect, rF+ Will+ Int+4}
   (You found it on level 3 of the Dungeon)

   When its wielder attacks, the weapon's spirit leaps out and strikes again.
   The spirit shares a part of any damage it takes with its wielder.
   Int:       It affects your intelligence (+4).
   rF:        It protects you from fire.
   Will:      It increases your willpower.
Missiles
 s - a throwing net
Armour
 z - a +0 robe of willpower (worn)
 A - a +0 pair of boots (worn)
Magical Staves
 y - a staff of conjuration (weapon)
Jewellery
 c - a ring of positive energy
 i - an amulet of guardian spirit
 k - the ring of Sazxes {Ice Slay+5}
   (You found it on level 2 of the Dungeon)

   [ring of ice]

   It enhances your ice magic.
   Slay:      It affects your accuracy & damage with ranged weapons and melee
   (+5).
   rF:        It makes you vulnerable to fire.
   rC:        It protects you from cold.
 p - a ring of magical power (right hand)
 w - a ring of willpower (left hand)
Scrolls
 a - a scroll of noise {unknown}
 d - 3 scrolls of amnesia {unknown}
 g - 2 scrolls of teleportation
 j - 3 scrolls of blinking {unknown}
 l - 2 scrolls of vulnerability {unknown}
 n - 3 scrolls of identify {unknown}
 t - 2 scrolls of summoning {unknown}
Potions
 b - a potion of magic
 e - 4 potions of ambrosia {unknown}
 f - 2 potions of brilliance {unknown}
 h - a potion of haste
 m - 5 potions of curing {unknown}
 o - 2 potions of attraction {unknown}
 q - 2 potions of heal wounds {unknown}
 u - 2 potions of might {unknown}
 v - a potion of degeneration {unknown}
 x - a potion of resistance {unknown}
 B - a potion of cancellation {unknown}


   Skills:
 - Level 2.4 Dodging
 - Level 2.4 Stealth
 + Level 6.7 Spellcasting
 + Level 6.6 Conjurations
 - Level 4.0 Translocations


You had 12 spell levels left.
You knew the following spells:

 Your Spells              Type           Power      Damage    Failure   Level
a - Magic Dart            Conj           100%       1d8       1%          1
b - Searing Ray           Conj           100%       2d8       1%          2
c - Iskenderun's Mystic   Conj/Tloc      51%        2d11      8%          4

Your spell library contained the following spells:

 Spells                   Type           Power      Damage    Failure   Level
 Dazzling Flash           Conj/Hex       74%        N/A       5%          3
 Freeze                   Ice            32%        1d5       7%          1
 Mephitic Cloud           Conj/Pois/Air  29%        N/A       9%          3
 Call Imp                 Summ           8%         N/A       11%         2
 Fulminant Prism          Conj/Hex       18%        3d11      17%         4
 Hailstorm                Conj/Ice       37%        3d9       17%         4
 Confusing Touch          Hex            8%         N/A       21%         3
 Frozen Ramparts          Ice            16%        1d3       21%         3
 Yara's Violent Unravell  Hex/Tmut       4%         3d4       88%         5
 Enfeeble                 Hex            4%         N/A       100%        7


Dungeon Overview and Level Annotations

Branches:
Dungeon (5/15)
 Temple: D:4-7

Altars:
Uskayaw
The Shining One

Annotations:
D:5 Duvessa


Message History

Duvessa goes berserk!
Casting: Magic Dart (safe; 1% risk of failure)
Confirm with . or Enter, or press ? or * to list all spells.
Aiming: Magic Dart (safe; 1% risk of failure)
Press: ? - help, Shift-Dir - straight line, f - Duvessa
Aim: Duvessa, wielding a +0 short sword and wearing a +0 chain mail (berserk, 100% to hit)
You feel a surge of power!
The magic dart hits Duvessa but does no damage.
Casting: Magic Dart (safe; 1% risk of failure)
Confirm with . or Enter, or press ? or * to list all spells.
Aiming: Magic Dart (safe; 1% risk of failure)
Press: ? - help, Shift-Dir - straight line, f/p - Duvessa
Aim: Duvessa, wielding a +0 short sword and wearing a +0 chain mail (berserk, 100% to hit)
You feel a surge of power!
The magic dart hits Duvessa but does no damage.
Casting: Magic Dart (safe; 1% risk of failure)
Confirm with . or Enter, or press ? or * to list all spells.
Aiming: Magic Dart (safe; 1% risk of failure)
Press: ? - help, Shift-Dir - straight line, f/p - Duvessa
Aim: Duvessa, wielding a +0 short sword and wearing a +0 chain mail (berserk, 100% to hit)
You feel a surge of power!
The magic dart hits Duvessa but does no damage.
Casting: Magic Dart (safe; 1% risk of failure)
Confirm with . or Enter, or press ? or * to list all spells.
Aiming: Searing Ray (safe; 1% risk of failure)
Press: ? - help, Shift-Dir - straight line, f/p - Duvessa
Aim: Duvessa, wielding a +0 short sword and wearing a +0 chain mail (berserk, 90% to hit)
You feel a surge of power!
The searing ray hits Duvessa!
Duvessa is moderately wounded. (Press . to maintain the ray.) Duvessa misses you.
The searing ray hits Duvessa but does no damage.
Duvessa is moderately wounded.
Duvessa hits you with a +0 short sword! x2
As you read the scroll of teleportation, it crumbles to dust.
You feel strangely unstable. Duvessa misses you.
Duvessa hits you with a +0 short sword!
* * * LOW HITPOINT WARNING * * *
Duvessa attacks as you move away! Duvessa hits you with a +0 short sword!
You die...

###........#.............#
##...............#........#
#........(....#...........#######
..............#...##........##...
.................#####.....<.....
.............................#...
.................................
................e................
.###........)...@................
#...#............................
#...#............................
#..###..............######.......
..#...#.............####.....##..
..#...#...................##.....
.##...#...#...............##.....
#..###.###.......................
#..........#..............#......


You could see Duvessa (berserk).

Vanquished Creatures
  A phantom (D:5)
  A necrophage (D:5)
  Dowan (D:5)
  A howler monkey (D:4)
  A hound (D:4)
  2 orc priests (D:5)
  Jessica (D:2)
  An iguana (D:4)
  An orc wizard (D:5)
  3 gnolls (D:3)
  6 adders
  An ufetubus (D:5)
  A dart slug (D:1)
  8 orcs
  5 ball pythons
  5 endoplasms
  A giant cockroach (D:2)
  4 goblins
  8 hobgoblins
  9 jackals
  6 kobolds
  3 quokkas
  2 bats
  4 rats
  A spectral kobold (D:1)
77 creatures vanquished.

Notes
Turn   | Place    | Note
-------+----------+-------------------------------------------
     0 | D:1      | fleeber the Deep Elf Conjurer began the quest for the Orb.
     0 | D:1      | Reached XP level 1. HP: 10/10 MP: 6/6
   254 | D:1      | Reached XP level 2. HP: 15/15 MP: 6/8
   295 | D:1      | Found a faded altar of an unknown god.
   339 | D:1      | Reached skill level 1 in Translocations
   807 | D:2      | Identified the ring of Sazxes {Ice Slay+5}
  1003 | D:2      | Reached XP level 3. HP: 19/19 MP: 6/10
  1042 | D:2      | Learned a level 2 spell: Searing Ray
  1347 | D:2      | Found a glowing golden altar of the Shining One.
  1483 | D:2      | Noticed Jessica
  1486 | D:2      | Killed Jessica
  1487 | D:2      | Reached skill level 5 in Conjurations
  1670 | D:2      | Reached XP level 4. HP: 24/24 MP: 10/12
  1747 | D:2      | Learned a level 4 spell: Iskenderun's Mystic Blast
  1978 | D:3      | Identified the +4 mace of Feden {spect, rF+ Will+ Int+4}
  2179 | D:3      | Found a hide-covered altar of Uskayaw.
  2660 | D:4      | Reached skill level 5 in Spellcasting
  2660 | D:4      | Reached XP level 5. HP: 28/28 MP: 14/14
  3209 | D:5      | Entered Level 5 of the Dungeon
  3495 | D:5      | Reached XP level 6. HP: 19/32 MP: 16/16
  3931 | D:5      | Noticed Duvessa
  4043 | D:5      | Noticed Dowan
  4057 | D:5      | Killed Dowan
  4172 | D:5      | Reached XP level 7. HP: 36/36 MP: 18/18
  4482 | D:5      | Mangled by Duvessa

Illustrated notes

Levels and vault maps discovered:
D:1:      kennysheep_arrival_seaside, layout_rooms,
          dreamdust_ecumenical_altar_drowned_temple,
          minmay_misc_feat_more_columns, glass_columns_a, minmay_cupped
D:2:      layout_loops_corners, basic_altar, dreamdust_mushroom_princess,
          uniq_jessica
D:3:      layout_rooms, mainiacjoe_overflow_boulevard,
          nicolae_elevator_lobby_plus
D:4:      layout_basic
D:5:      layout_cave_pools, nicolae_titane, uniq_duvessa

Skill      XL: |  1  2  3  4  5  6 |
---------------+-------------------+-----
Translocations | 1 2 3 4 |  4.0
Spellcasting   | 4 5 6 |  6.7
Conjurations   | 5 6 |  6.6
Dodging        | |  2.4
Stealth        | |  2.4

Action                   |  1- 3 |  4- 6 |  7- 9 || total
-------------------------+-------+-------+-------++-------
 Cast: Magic Dart        |    54 |    89 |     9 ||   152
       Searing Ray       |       |    10 |     1 ||    11
       Iskenderun's Myst |       |     1 |       ||     1
  Use: Scroll            |       |     1 |     1 ||     2
Armor: Robe              |     3 |     3 |       ||     6
Dodge: Dodged            |     1 |    12 |     2 ||    15
